 Dungeon Crawl Stone Soup version 0.29.0-7-g18a832c13a (webtiles) character file.

Game seed: 18384533302188626488

31143 Lochraine the Nimble (level 13, -1/99 HPs)
             Began as a Djinni Fire Elementalist on Aug 31, 2022.
             Was a Priest of Makhleb.
             Succumbed to barbed spike wounds
             ... on level 5 of the Lair of Beasts.
             The game lasted 01:03:41 (20290 turns).

Lochraine the Nimble (Djinni Fire Elementalist)    Turns: 20290, Time: 01:03:41

Health: -1/99      AC:  6    Str:  7    XL:     13   Next: 94%
Gold:   846        EV: 24    Int: 21    God:    Makhleb [***...] SH: 14 Dex: 21

rFire   + + +      SeeInvis .   b - staff of fire
rCold   x . .      Faith    .   U - +2 kite shield {rPois}
rNeg    . . .      Spirit   .   J - +0 robe {Will+}
rPois   ∞          Reflect  .   G - +2 hat
rElec   .          Harm     .   E - +0 cloak
rCorr   .          Rampage  .   e - +0 pair of gloves
Will    ++...                   (boots unavailable)
Stlth   ++........              (no amulet)
HPRegen 0.26/turn               m - +6 ring of dexterity
MPRegen 0.00/turn               u - +4 ring of evasion

@: spiked, flying, very slightly contaminated
A: sickness immunity, fire resistance 2, cold vulnerability 1, float, innate
caster, HP casting, extra vitality 1
a: Renounce Religion, Minor Destruction, Lesser Servant of Makhleb


You were on level 5 of the Lair of Beasts.
You worshipped Makhleb.
Makhleb was most pleased with you.
You visited 3 branches of the dungeon, and saw 18 of its levels.

You collected 846 gold pieces.

Inventory:

Hand Weapons
 a - the +4 mace "Hydraslayer" {vorpal, rN+ Stlth+}
   (You found it on level 5 of the Dungeon)

   It inflicts extra damage upon your enemies.
   rN:        It protects you from negative energy.
   Stlth:     It makes you more stealthy.
 w - a +1 war axe of electrocution
   (You found it on level 6 of the Dungeon)
Missiles
 F - a throwing net {!f}
Armour
 e - a +0 pair of gloves (worn)
   (You found it on level 5 of the Dungeon)
 r - the +0 ring mail of the Monkey's Uncle {rC++ SInv}
   (You took it off Terence on level 2 of the Dungeon)

   rC:        It greatly protects you from cold.
   SInv:      It lets you see invisible.
 C - a +0 ring mail
   (You found it on level 4 of the Lair of Beasts)
 E - a +0 cloak (worn)
   (You found it on level 6 of the Dungeon)
 G - a +2 hat (worn)
   (You took it off Gastronok on level 1 of the Lair of Beasts)
 J - a +0 robe of willpower (worn)
   (You found it on level 4 of the Dungeon)
 U - a +2 kite shield of poison resistance (worn)
   (You found it on level 2 of the Lair of Beasts)
 Z - a scarf of invisibility
   (You found it on level 2 of the Lair of Beasts)
Magical Staves
 b - a staff of fire (weapon)
   (You found it on level 5 of the Dungeon)
Jewellery
 m - a +6 ring of dexterity (left hand)
   (You found it on level 7 of the Dungeon)
 o - a ring of protection from cold
   (You found it on level 3 of the Lair of Beasts)
 u - a +4 ring of evasion (right hand)
   (You found it on level 4 of the Lair of Beasts)
 B - a +6 ring of strength
   (You found it on level 4 of the Lair of Beasts)
 O - a ring of ice
   (You found it on level 1 of the Lair of Beasts)
 T - a ring of positive energy
   (You found it on level 2 of the Lair of Beasts)
Wands
 d - a wand of iceblast (7)
   (You found it on level 1 of the Lair of Beasts)
 s - a wand of polymorph (1)
   (You took it off Terence on level 2 of the Dungeon)
 t - a wand of flame (25)
   (You found it on level 6 of the Dungeon)
Scrolls
 c - 2 scrolls of noise {!r}
 f - 2 scrolls of immolation {!r}
 i - 5 scrolls of teleportation {@r4}
 k - 3 scrolls of enchant weapon
 p - 2 scrolls of enchant armour
 q - 3 scrolls of fog
 v - a scroll of poison {unknown}
 y - a scroll of torment {unknown}
 D - 6 scrolls of amnesia
 L - a scroll of blinking
 N - a scroll of vulnerability {unknown}
 V - a scroll of summoning {unknown}
 W - a scroll of magic mapping {unknown}
 Y - 6 scrolls of identify {@r1}
Potions
 g - a potion of resistance {unknown}
 h - a potion of heal wounds {@q2}
 j - 5 potions of degeneration {unknown}
 l - 3 potions of might
 n - 9 potions of curing {unknown}
 x - a potion of attraction {!q}
 z - 4 potions of mutation {!q}
 A - 4 potions of haste {@q3}
 H - 5 potions of flight
 I - 2 potions of ambrosia
 K - a potion of invisibility {unknown}
 M - a potion of berserk rage
 P - 2 potions of magic
 R - a potion of lignification {!q}


   Skills:
 + Level 11.5 Fighting
 + Level 12.3 Dodging
 - Level 1.5 Stealth
 + Level 7.7 Shields
 + Level 9.3 Spellcasting
 + Level 9.1 Invocations


You couldn't memorise any spells.
You knew the following spells:

 Your Spells              Type           Power      Damage    Failure   Level
a - Foxfire               Conj/Fire      100%       2x1d9     1%          1
b - Scorch                Fire           100%       2d10      1%          2
c - Inner Flame           Hex/Fire       65%        N/A       1%          3
d - Conjure Flame         Conj/Fire      65%        6-21      1%          3
e - Flame Wave            Conj/Fire      65%        2d15      3%          4
f - Summon Small Mammal   Summ           100%       N/A       1%          1
g - Blink                 Tloc           98%        N/A       1%          2
h - Teleport Other        Tloc           49%        N/A       1%          3
i - Agony                 Necr           49%        N/A       10%         5
x - Fireball              Conj/Fire      32%        3d14      10%         5
z - Summon Lightning Spi  Summ/Air       49%        N/A       3%          4
Your spell library was empty.

Dungeon Overview and Level Annotations

Branches:
Dungeon (12/15) Zot: 26647  Temple (1/1) D:6 Zot: 5931    Lair (5/5) D:8 Zot: 21422
  Swamp (0/4) Lair:2        Snake (0/4) Lair:2
  Slime: Lair:4-5       Orc: D:9-12

Altars:
Ashenzari
Cheibriados
Dithmenos
Elyvilon
Fedhas
Gozag
Hepliaklqana
Makhleb
Nemelex Xobeh
Okawaru
Qazlal
Ru
Trog
Wu Jian
Xom
Yredelemnul
Zin
The Shining One

Shops:
D:3 [   D:4 [   D:5 (   D:9 [

Annotations:
D:6 exclusion: hydra


Innate Abilities, Weirdness & Mutations

You are immune to sickness and miasma.
You are immune to poison.
Your flesh is very heat resistant. (rF++)
You are vulnerable to cold. (rC-)
You float through the air rather than walking.
You learn spells naturally, not from books.
Your magical power is your life essence.
You have superior vitality. (+4 MHP)


Message History

Makhleb accepts your kill.
You feel better.
* * * LOW HITPOINT WARNING * * *
You start resting.
A water moccasin comes into view.
Aim: a water moccasin (wandering, hasn't noticed you)
You feel a surge of power!
The fireball explodes!
The fireball engulfs the water moccasin!!
You kill the water moccasin!
Makhleb accepts your kill.
You feel better.
A water moccasin comes into view.
The water moccasin hisses angrily.
Aim: a water moccasin You feel a surge of power!
The fireball explodes!
The fireball engulfs the water moccasin!!
Aim: a water moccasin (severely wounded)
You feel a surge of power!
The fireball explodes!
The fireball engulfs the water moccasin!
You kill the water moccasin!
Makhleb accepts your kill.
You feel better.
A manticore comes into view.
Aim: a manticore (wandering, hasn't noticed you)
You feel a surge of power!
The fireball explodes!
The fireball engulfs the manticore!!
Aim: a manticore (heavily wounded)
You feel a surge of power!
The fireball explodes!
The fireball engulfs the manticore!
The manticore flicks its tail.
The volley of spikes hits you!!
The barbed spikes become lodged in your body.
* * * LOW HITPOINT WARNING * * *
Aim: a manticore (severely wounded)
You feel a surge of power!
You miscast Fireball.
You are very lightly contaminated with residual magic.
Energy rips through your body!
* * * LOW HITPOINT WARNING * * *
* * * LOW HITPOINT WARNING * * *
The manticore flicks its tail.
The volley of spikes hits you!!
The barbed spikes become lodged in your body.
* * * LOW HITPOINT WARNING * * *
The barbs in your skin will harm you if you move.
Continue?
The manticore flicks its tail.
The volley of spikes hits you.
The barbed spikes become lodged in your body.
* * * LOW HITPOINT WARNING * * *
The barbed spikes dig painfully into your body as you move.
You die...

.............................#
.........................<..#
.............................#
P..#..PP.#.P#.....#.##.......#
~.~~..~.##.##....#######.÷....
~##~~~#.#####...## #.....#
~##~~#~..# #.....## #.....#
~~~~P~~~####......# # #....#.
P~#k~~~...#..@....##.#..PF...#
~ #~~##~.H..†.÷..........
#~~~#~.................
#~~~~..................
#~~~~.......#P.....##..
#~~~#~.....####.#.##
#.~##.....## ##### #~~~~~....#
#~.~~~~.....#


You could see a manticore.

Vanquished Creatures
  Gastronok (Lair:1)
  2 hydras
  Erica (Lair:1)
  2 death yaks (Lair:4)
  Sonja (Lair:1)
  A sea snake (Lair:5)
  A bog body (Lair:2)
  2 manticores
  2 black mambas
  10 elephants
  9 cane toads
  6 rime drakes
  6 komodo dragons
  4 polar bears
  A hornet (Lair:5)
  Prince Ribbit (D:7)
  5 blink frogs
  5 wyverns
  A wraith (D:6)
  13 yaks
  5 basilisks
  2 steam dragons
  Menkaure (D:6)
  7 water moccasins
  A sky beast (D:7)
  An ice beast (D:5)
  An ogre (D:5)
  7 wolves (Lair:2)
  A centaur (D:8)
  2 kobold brigands (D:8)
  11 bullfrogs
  2 elf skeletons (D:7)
  A gnoll sergeant (D:5)
  A necrophage (D:7)
  2 scorpions (D:5)
  3 wights (D:8)
  A human zombie (D:7)
  5 jellies
  An orc priest (D:6)
  4 hounds
  3 human skeletons (D:7)
  3 iguanas
  Natasha (D:2)
  An orc wizard (D:6)
  Terence (D:2)
  14 gnolls
  7 adders
  A shadow imp (D:7)
  An ufetubus (D:7)
  5 orcs
  4 endoplasms
  4 goblins
  7 hobgoblins
  5 jackals
  2 quokkas
  6 ball pythons
  A bat (D:3)
  3 frilled lizards
  16 kobolds
  2 rats (D:2)
220 creatures vanquished.

Vanquished Creatures (collateral kills)
  A two-headed ogre (D:8)
  2 death yaks (Lair:4)
  A black mamba (Lair:2)
  A komodo dragon (Lair:1)
  A polar bear (Lair:5)
  2 blink frogs (Lair:2)
  A snapping turtle (Lair:5)
  10 yaks
  3 nagas (Lair:2)
  A water moccasin (Lair:2)
  A black bear (Lair:4)
  3 wolves (Lair:2)
  A bullfrog (D:8)
  A scorpion (D:7)
  A killer bee (D:7)
  A hound (D:7)
  A shadow imp (D:6)
  5 foxfires
37 creatures vanquished.

Vanquished Creatures (others)
  358 foxfires
  50 fungi
  49 plants
457 creatures vanquished.

Grand Total: 714 creatures vanquished

Notes
Turn   | Place    | Note
-------+----------+-------------------------------------------
     0 | D:1      | Lochraine the Djinni Fire Elementalist began the quest for
                  | the Orb.
     0 | D:1      | Lochraine set off with the following spells memorised:
                  | Foxfire, Scorch, Conjure Flame, Inner Flame, Flame Wave.
     0 | D:1      | Reached XP level 1. HP: 15/15 MP: 0/0
   213 | D:1      | Reached skill level 1 in Fighting
   213 | D:1      | Reached XP level 2. HP: 5/22 MP: 0/0
   518 | D:1      | Found a faded altar of an unknown god.
   906 | D:1      | Reached XP level 3. HP: 26/27 MP: 0/0
   906 | D:1      | Learned a level 1 spell: Summon Small Mammal
  1593 | D:2      | Noticed Natasha
  1599 | D:2      | Killed Natasha
  1600 | D:2      | Reached XP level 4. HP: 28/34 MP: 0/0
  1826 | D:2      | Identified the +0 ring mail of the Monkey's Uncle {rC++
                  | SInv}
  1826 | D:2      | Noticed Terence
  2081 | D:2      | Killed Terence
  2794 | D:3      | Reached XP level 5. HP: 33/40 MP: 0/0
  2794 | D:3      | Learned a level 2 spell: Blink
  3034 | D:3      | Found Neun's Antique Armour Boutique.
  4026 | D:4      | Reached skill level 3 in Dodging
  4026 | D:4      | Reached XP level 6. HP: 43/46 MP: 0/0
  4216 | D:4      | Found Ewicka's Armour Shop.
  4672 | D:5      | Entered Level 5 of the Dungeon
  4901 | D:5      | Reached XP level 7. HP: 46/52 MP: 0/0
  4901 | D:5      | Learned a level 3 spell: Teleport Other
  5113 | D:5      | Found Neutacs's Antique Weapon Boutique.
  5301 | D:5      | Reached skill level 4 in Dodging
  5499 | D:5      | Found a snail-covered altar of Cheibriados.
  5720 | D:5      | Identified the +4 mace "Hydraslayer" {vorpal, rN+ Stlth+}
  5758 | D:5      | Found an opulent altar of Gozag.
  5824 | D:5      | Reached XP level 8. HP: 40/58 MP: 0/0
  6206 | D:6      | Noticed Menkaure
  6284 | D:6      | Reached skill level 5 in Fighting
  6414 | D:6      | Found a staircase to the Ecumenical Temple.
  6421 | Temple   | Entered the Ecumenical Temple
  6444 | Temple   | Became a worshipper of Makhleb the Destroyer
  6533 | D:6      | Reached skill level 5 in Dodging
  6676 | D:6      | Killed Menkaure
  6873 | D:6      | Reached skill level 1 in Invocations
  7053 | D:6      | Noticed a seven-headed hydra
  7066 | D:6      | Noticed a wraith
  7081 | D:6      | Killed a wraith
  7082 | D:6      | Reached skill level 5 in Spellcasting
  7251 | D:6      | Found a broken altar of Ashenzari.
  7390 | D:6      | Noticed a basilisk
  7408 | D:6      | Killed a basilisk
  7562 | D:6      | Noticed a yak
  7571 | D:6      | Killed a yak
  7572 | D:6      | Reached skill level 6 in Dodging
  7572 | D:6      | Reached XP level 9. HP: 50/66 MP: 0/0
  7572 | D:6      | Learned a level 4 spell: Summon Lightning Spire
  7886 | D:6      | Noticed a nameless horror
  8255 | D:7      | Noticed Prince Ribbit
  8262 | D:7      | Killed Prince Ribbit
  8864 | D:7      | Found a bloodstained altar of Trog.
  8865 | D:7      | Found an iron altar of Okawaru.
  9089 | D:7      | Found a glowing golden altar of the Shining One.
  9388 | D:7      | Reached skill level 7 in Dodging
  9689 | D:8      | Reached * piety under Makhleb
  9819 | D:8      | Reached XP level 10. HP: 32/75 MP: 0/0
  9831 | D:8      | Noticed a two-headed ogre
 10057 | D:8      | Killed a two-headed ogre
 10058 | D:8      | Reached skill level 5 in Invocations
 10064 | D:8      | Reached skill level 8 in Dodging
 10076 | D:8      | Found a staircase to the Lair.
 10693 | D:8      | Noticed a manticore
 10713 | D:8      | Killed a manticore
 11339 | D:9      | You are sucked into a shaft and drop 3 floors!
 11363 | D:10     | Entered Level 10 of the Dungeon
 11402 | D:9      | Found Jywny's Armour Shop.
 11697 | Lair:1   | Entered Level 1 of the Lair of Beasts
 11872 | Lair:1   | Noticed a komodo dragon
 11880 | Lair:1   | Killed a komodo dragon
 11889 | Lair:1   | Noticed Erica
 11956 | Lair:1   | Killed Erica
 11957 | Lair:1   | Reached skill level 9 in Dodging
 11957 | Lair:1   | Reached skill level 1 in Shields
 11957 | Lair:1   | Reached XP level 11. HP: 61/82 MP: 0/0
 11957 | Lair:1   | Learned a level 5 spell: Agony
 12109 | Lair:1   | Noticed Sonja
 12116 | Lair:1   | Killed Sonja
 12160 | Lair:1   | Noticed Gastronok
 12180 | Lair:1   | Killed Gastronok
 12180 | Lair:1   | Reached ** piety under Makhleb
 13386 | Lair:2   | Reached skill level 10 in Dodging
 14318 | Lair:2   | Reached XP level 12. HP: 83/90 MP: 0/0
 14367 | Lair:2   | Found a staircase to the Snake Pit.
 14386 | Lair:2   | Found a staircase to the Swamp.
 14982 | Lair:2   | Reached skill level 10 in Fighting
 14982 | Lair:2   | Reached skill level 5 in Shields
 15204 | Lair:2   | Identified the +1 plate armour "Xuholl" {Will+}
 15604 | Lair:3   | Noticed an eight-headed hydra
 15613 | Lair:3   | Killed an eight-headed hydra
 15639 | Lair:2   | Reached skill level 11 in Dodging
 16707 | Lair:3   | Reached XP level 13. HP: 17/97 MP: 0/0
 16707 | Lair:3   | Learned a level 5 spell: Fireball
 18610 | Lair:4   | Noticed an eight-headed hydra
 18808 | Lair:4   | Reached *** piety under Makhleb
 19212 | Lair:5   | Entered Level 5 of the Lair of Beasts
 19276 | Lair:4   | Killed an eight-headed hydra
 19277 | Lair:4   | Reached skill level 12 in Dodging
 20290 | Lair:5   | Succumbed to barbed spike wounds

Illustrated notes

Levels and vault maps discovered:
D:1:      dpeg_arrival_tiny_d, layout_loops_corners,
          dreamdust_ecumenical_altar_angels_and_demons, nicolae_grassy_gnolls
D:2:      layout_basic, uniq_natasha, uniq_terence
D:3:      minmay_wonky_spiral, layout_loops_ring, serial_shops, shop
D:4:      layout_gridville, serial_shops, shop
D:5:      layout_layer_cave, mainiacjoe_overflow_catwalk_spiral, serial_shops,
          shop
D:6:      layout_basic, evilmike_ruin_ashenzari, minmay_temple_entry_tees,
          hangedman_decor_riveting, kb_rosetta, uniq_menkaure
D:7:      layout_rooms, tso_metal_star, grunt_temple_overflow_bloody_war,
          nicolae_ossuary_entry_catacombs, minmay_checkerbox,
          uniq_prince_ribbit1
D:8:      layout_cave_pools, david_lair_generic
D:9:      layout_long_grid, serial_shops, shop, enter_bailey_5,
          lightli_wizard_tower, uniq_maurice
D:10:     layout_basic, grunt_temple_overflow_magic_moments,
          nicolae_uskayaw_dance_studio, gammafunk_ghost_split,
          columned_hall_lemuel
D:11:     layout_loops_ring, erik_orc_3, gauntlet_entry_generic, moated_statue
D:12:     evilmike_diamond_1, layout_irregular_city
Temple:   nicolae_temple_hex_pool
Lair:1:   layout_regular_city, uniq_sonja, uniq_erica, uniq_gastronok
Lair:2:   layout_chaotic_city, skrybe_swamp_entry_bodies,
          guppyfry_snake_entry_garden, minmay_shattered_shrine
Lair:3:   layout_roguey
Lair:4:   layout_regular_city, chequers_serial_rivers_room_a
Lair:5:   gammafunk_lair_ancient_temple, layout_long_grid,
          dpeg_slime_entry_enclosed, serial_bayou_shore_a

Skill      XL: |  1  2  3  4  5  6  7  8  9 10 11 12 13 |
---------------+----------------------------------------+-----
Fighting       | 1 2 3 4 5 7 8 9 10 11 | 11.5
Spellcasting   | 3 4 5 6 7 8 9 |  9.3
Dodging        | 3 4 6 7 9 10 11 12 | 12.3
Invocations    | 2 4 5 6 7 9 |  9.1
Shields        | 1 4 6 7 |  7.7
Stealth        | |  1.5

Action                   |  1- 3 |  4- 6 |  7- 9 | 10-12 | 13-15 || total
-------------------------+-------+-------+-------+-------+-------++-------
Melee: Whip              |       |    11 |       |       |       ||    11
       Unarmed           |       |     6 |       |       |       ||     6
       Punch             |       |     1 |       |       |       ||     1
       Rapier            |       |    23 |       |       |       ||    23
       Staff             |       |       |     5 |     4 |       ||     9
 Cast: Foxfire           |    18 |    35 |    59 |    83 |     9 ||   204
       Scorch            |     9 |    25 |    98 |   175 |    66 ||   373
       Conjure Flame     |       |     3 |     2 |     5 |       ||    10
       Inner Flame       |       |     2 |       |     1 |       ||     3
       Flame Wave        |       |       |     6 |    23 |     9 ||    38
       Summon Lightning  |       |       |     5 |    18 |     6 ||    29
       Blink             |       |       |     1 |     2 |     6 ||     9
       Summon Small Mamm |       |       |       |     3 |       ||     3
       Teleport Other    |       |       |       |     2 |     1 ||     3
       Fireball          |       |       |       |       |    37 ||    37
Invok: Minor Destruction |       |       |       |     2 |       ||     2
       Lesser Servant of |       |       |       |       |     1 ||     1
Evoke: Wand              |       |       |       |     3 |       ||     3
  Use: Scroll            |     1 |     6 |     4 |    12 |     3 ||    26
       Potion            |       |       |       |     2 |       ||     2
 Stab: Sleeping          |       |     1 |       |       |       ||     1
Armor: Robe              |     1 |    15 |    18 |    17 |     8 ||    59
Dodge: Dodged            |     1 |    51 |    76 |   108 |    43 ||   279
Block: Buckler           |       |       |       |    11 |       ||    11
       Kite shield       |       |       |       |    51 |    46 ||    97
